 Dungeon Crawl Stone Soup version 0.29-a0-653-gd47aff6735 (webtiles) character file.

Game seed: 5989826764410264277

4078 omnomnOMINOUS the Skirmisher (level 10, -20/63 HPs)
             Began as an Octopode Wanderer on June 21, 2022.
             Was an Elder of Ru.
             Killed by an exploding orc (47 damage)
             ... ignited by their inner flame
             ... on level 10 of the Dungeon.
             The game lasted 00:20:56 (9336 turns).

omnomnOMINOUS the Skirmisher (Octopode Wanderer)    Turns: 9336, Time: 00:20:57

Health: -20/63     AC:  1    Str:  8    XL:     10   Next: 25%
Magic:  0/17       EV: 16    Int: 17    God:    Ru [****..]
Gold:   578        SH:  7    Dex: 15    Spells: 14/19 levels left

rFire   . . .      SeeInvis +   a - +2 spear (flame)
rCold   + . .      Faith    .   d - +2 buckler
rNeg    . . .      Spirit   +   t - +0 hat
rPois   .          Reflect  .   z - amulet of guardian spirit
rElec   .          Harm     .   o - ring of see invisible
rCorr   .          Rampage  .   w - ring of protection from cold
Will    .....                   (no ring)
Stlth   +++.......              (no ring)
HPRegen 0.20/turn               (no ring)
MPRegen 0.15/turn               (no ring)
                                (no ring)
                                (no ring)

@: no status effects
A: almost no armour, amphibious, 8 rings, camouflage 1, clumsy 1, frail 1,
gelatinous body 1, inability to use devices, (nimble swimmer 1), tentacles
a: Renounce Religion, Draw Out Power, Power Leap


You were on level 10 of the Dungeon.
You worshipped Ru.
Ru was greatly pleased with you.
You visited 2 branches of the dungeon, and saw 10 of its levels.

You collected 578 gold pieces.

Inventory:

Hand Weapons
 a - a +2 spear of flaming (weapon)
 b - a +2 dagger of electrocution
 i - a +4 morningstar
 B - a +1 falchion of flaming
Missiles
 F - 5 poisoned darts
 H - 2 throwing nets
Armour
 d - a +2 buckler (worn)
 t - a +0 hat (worn)
Jewellery
 o - a ring of see invisible (left tentacle)
 w - a ring of protection from cold (right tentacle)
 z - an amulet of guardian spirit (around mantle)
 E - a ring of ice
Scrolls
 f - a scroll of silence
 h - a scroll of noise
 p - 2 scrolls of teleportation
 y - a scroll of torment {unknown}
 A - a scroll of blinking {unknown}
 C - a scroll of poison {unknown}
 G - a scroll of enchant armour {unknown}
 I - a scroll of magic mapping {unknown}
Potions
 c - 2 potions of haste
 e - 3 potions of ambrosia
 g - 2 potions of attraction
 k - a potion of curing
 m - a potion of degeneration {unknown}
 n - a potion of cancellation {unknown}
 q - a potion of heal wounds {unknown}
 r - a potion of flight {unknown}
 s - 5 potions of lignification
 v - a potion of invisibility {unknown}
 x - 2 potions of might
 D - a potion of berserk rage {unknown}


   Skills:
 + Level 7.0 Fighting
 + Level 6.7 Polearms
 + Level 7.0 Dodging
 - Level 2.6 Stealth
 - Level 5.0 Shields
 - Level 5.0 Spellcasting
 + Level 6.6 Summonings


You had 14 spell levels left.
You knew the following spells:

 Your Spells              Type           Power      Damage    Failure   Level
a - Summon Small Mammal   Summ           100%       N/A       1%          1
b - Apportation           Tloc           8%         N/A       19%         1
c - Call Canine Familiar  Summ           27%        N/A       3%          3

Your spell library contained the following spells:

 Spells                   Type           Power      Damage    Failure   Level
 Summon Guardian Golem    Hex/Summ       15%        N/A       14%         3
 Portal Projectile        Hex/Tloc       8%         N/A       47%         3
 Leda's Liquefaction      Hex/Erth       2%         N/A       87%         4
 Alistair's Intoxication  Tmut/Pois      2%         N/A       99%         5
 Dispersal                Tloc           2%         N/A       100%        6
 Disjunction              Tloc           2%         N/A       100%        8


Dungeon Overview and Level Annotations

Branches:
Dungeon (10/15)            Temple (1/1) D:5            Lair (0/6) D:10
    Orc: D:9-12

Altars:
Ashenzari
Cheibriados
Dithmenos
Elyvilon
Fedhas
Gozag
Hepliaklqana
Kikubaaqudgha
Makhleb
Nemelex Xobeh
Okawaru
Ru
Sif Muna
Trog
Uskayaw
Wu Jian
Xom
Yredelemnul
Zin
The Shining One

Shops:
D:3 (

Annotations:
D:10 exclusion: 2 doors


Innate Abilities, Weirdness & Mutations

You cannot wear most types of armour.
You are amphibious.
You can wear up to eight rings at the same time.
Your skin changes colour to match your surroundings (Stealth+).
You are clumsy. (Dex -2)
You are frail. (-10% HP)
Your rubbery body absorbs attacks. (AC +1, EV +1)
You cannot study or use magical devices.
((You are camouflaged when in or above water. (Stealth+)))
You have tentacles for arms and can constrict up to eight enemies at once.


Message History

Unknown command.
Really read the scroll of immolation?
Okay, then.
Really read the scroll of immolation?
As you read the scroll of immolation, it crumbles to dust.
The creatures around you are filled with an inner flame!
Your bat hits the warg but does no damage.
Your bat closely misses the warg.
Your hound closely misses the warg.
The warg bites your hound!
Your hound's corpse disappears in a puff of smoke!
Your hound explodes!
The fiery explosion engulfs your bat!!!
Your bat's corpse disappears in a puff of smoke!
The fiery explosion engulfs the orc!!
The fiery explosion engulfs the warg!!
Flame seeps out of the warg.
The warg is severely wounded.
The fiery explosion engulfs the warg!
Flame seeps out of the warg.
The warg is moderately wounded.
The fiery explosion engulfs the warg!!!
The fiery explosion engulfs the plant!!
The plant begins to die.
The plant is lightly damaged.
The warg explodes!
The fiery explosion engulfs the warg!!!
The fiery explosion engulfs the plant!!
The plant is moderately damaged.
The fiery explosion engulfs the warg!!
The warg explodes!
The fiery explosion engulfs the plant!!!
The plant is heavily damaged.
The fiery explosion engulfs the orc priest! x2
The orc priest explodes!
The fiery explosion engulfs the plant!
The plant is heavily damaged.
The orc priest explodes!
The fiery explosion engulfs the orc!!
The orc explodes!
The warg explodes!
The fiery explosion engulfs you!!
The orc explodes!
The fiery explosion engulfs you!!!
Ouch! That really hurt!
You die...

# #........##.#
#........#####.....
#######.## ......
#.)# #..P... #.##
...§§§o #.#
##..§§§.. #.#
#§§§§§§§.
#.#####'####§§§§§§..
#.........##@§§P§§..
###.......'.§#§§§§..
+.......#### .....
#.......# ....
#.......# ..#
####+#### .. #


You could see an orc priest (inner flame).

Vanquished Creatures
  A two-headed ogre (D:10)
  A yak (D:5)
  A wraith (D:5)
  3 wargs (D:10)
  An orc warrior (D:10)
  An ice beast (D:5)
  5 ogres (D:5)
  2 black bears
  2 centaurs
  A kobold brigand (D:6)
  2 phantoms (D:5)
  4 bullfrogs
  5 scorpions
  A necrophage (D:5)
  6 wights
  4 killer bees (D:10)
  2 howler monkeys
  2 orc priests (D:10)
  4 hounds
  8 iguanas
  Ijyb (D:5)
  2 orc wizards
  3 gnolls (D:6)
  5 adders
  A white imp (D:5)
  A nameless horror (D:5)
  2 ufetubi (D:5)
  A worm (D:5)
  2 dart slugs
  12 orcs
  9 ball pythons
  7 bats
  3 endoplasms
  3 giant cockroaches
  3 goblins
  6 hobgoblins
  3 jackals (D:5)
  11 kobolds
  2 quokkas (D:4)
  4 rats
137 creatures vanquished.

Vanquished Creatures (collateral kills)
  A sky beast (D:6)
  A black bear (D:6)
  2 killer bees (D:10)
  A gnoll (D:6)
  2 orcs
  3 kobolds (D:6)
10 creatures vanquished.

Vanquished Creatures (others)
  A centaur (D:9)
  A bullfrog (D:6)
  An iguana (D:4)
  A fungus (D:5)
  4 toadstools (D:5)
8 creatures vanquished.

Grand Total: 155 creatures vanquished

Notes
Turn   | Place    | Note
-------+----------+-------------------------------------------
     0 | D:1      | omnomnOMINOUS the Octopode Wanderer began the quest for the
                  | Orb.
     0 | D:1      | omnomnOMINOUS set off with the following items: a +0
                  | dagger, a +0 hat, a potion of haste, a +2 buckler; and the
                  | following spell memorised: Summon Small Mammal; and the
                  | following spells available to memorise: Summon Guardian
                  | Golem.
     0 | D:1      | Reached XP level 1. HP: 11/11 MP: 6/6
   338 | D:1      | Reached XP level 2. HP: 18/18 MP: 8/8
   692 | D:2      | Reached skill level 1 in Fighting
   692 | D:2      | Reached skill level 1 in Dodging
   751 | D:2      | Found a faded altar of an unknown god.
   772 | D:2      | Prayed at the altar of an unknown god.
   772 | D:2      | Became a worshipper of Ru the Awakened
   783 | D:2      | Gained mutation: You cannot study or use magical devices.
                  | [Ru sacrifice]
   783 | D:2      | Reached * piety under Ru
   783 | D:2      | Reached ** piety under Ru
  1073 | D:2      | Reached XP level 3. HP: 21/23 MP: 7/9
  1413 | D:2      | Found a basalt altar of Yredelemnul.
  1672 | D:3      | Learned a level 1 spell: Apportation
  1784 | D:3      | Found Ryhavoc's Antique Weapon Shop.
  2146 | D:3      | Found an iron altar of Okawaru.
  2269 | D:3      | Reached XP level 4. HP: 29/29 MP: 11/11
  2372 | D:3      | Learned a level 3 spell: Call Canine Familiar
  3200 | D:4      | Reached XP level 5. HP: 34/34 MP: 12/12
  3205 | D:4      | Reached skill level 1 in Summonings
  3214 | D:4      | Reached skill level 1 in Polearms
  3606 | D:4      | Reached XP level 6. HP: 35/41 MP: 11/13
  3626 | D:4      | Gained mutation: You are clumsy. (Dex -2) [Ru sacrifice]
  3626 | D:4      | Reached *** piety under Ru
  3963 | D:5      | Entered Level 5 of the Dungeon
  4024 | D:5      | Noticed Ijyb
  4035 | D:5      | Killed Ijyb
  4132 | D:5      | Reached XP level 7. HP: 30/46 MP: 10/14
  4666 | D:5      | Reached skill level 5 in Shields
  4957 | D:5      | Reached XP level 8. HP: 43/54 MP: 8/15
  5943 | D:5      | Found a staircase to the Ecumenical Temple.
  5963 | D:5      | Noticed a wraith
  6045 | D:5      | Reached skill level 5 in Fighting
  6045 | D:5      | Reached skill level 5 in Dodging
  6179 | D:5      | Noticed a yak
  6195 | D:5      | Reached XP level 9. HP: 34/61 MP: 8/16
  6216 | D:5      | HP: 1/58 [yak (5)]
  6227 | Temple   | Entered the Ecumenical Temple
  6871 | D:5      | Reached skill level 5 in Polearms
  6934 | D:5      | Reached skill level 5 in Summonings
  8252 | D:7      | You fall into a shaft and drop 2 floors!
  8321 | D:9      | Gained mutation: You are frail. (-10% HP) [Ru sacrifice]
  8321 | D:9      | Reached **** piety under Ru
  8342 | D:9      | Noticed a two-headed ogre
  8355 | D:10     | Entered Level 10 of the Dungeon
  8700 | D:10     | Noticed a two-headed ogre
  8709 | D:10     | Killed a two-headed ogre
  8710 | D:10     | Reached XP level 10. HP: 32/62 MP: 8/17
  9331 | D:10     | Found a staircase to the Lair.
  9336 | D:10     | Killed by an exploding orc... ignited by their inner flame

Illustrated notes

Levels and vault maps discovered:
D:1:      dpeg_arrival_radiant, layout_basic
D:2:      layout_loops_ring, shapermc_ecumenical_altar_notcrosses, basic_altar,
          minmay_between
D:3:      layout_loops_ring, okawaru_ov_weapons_minmay, serial_shops,
          nicolae_shop_advertising_works [nicolae_subvault_shop_adworks]
D:4:      kennysheep_six_static_rooms, layout_cave_pools, minmay_bent
D:5:      minmay_clustersquares, layout_basic, minmay_temple_entry_glass,
          minmay_gold_behind_fungi, kb_lookout_dungeons_type, uniq_ijyb
D:6:      layout_basic
D:7:      layout_basic, minitemple
D:9:      layout_big_octagon, minmay_crystal_water
D:10:     layout_roguey, erik_lair_orcish_takeover, serial_aquarium,
          aquarium_bridge_square [aquarium_subvault_bridge,
          aquarium_subvault_window, aquarium_subvault_wall,
          aquarium_subvault_wall], aquarium_window_1, aquarium_window_1,
          aquarium_window_fake, aquarium_window_corridor_3, aquarium_view_2c,
          aquarium_view_2d, aquarium_balcony_3a, aquarium_pool_S, serial_shops,
          nicolae_stop_n_shop_2, special_room [special_room_bee],
          kennysheep_generic_room_14, uniq_maurice
Temple:   mainiacjoe_temple_bowtie_tessellation

Skill      XL: |  1  2  3  4  5  6  7  8  9 10 |
---------------+-------------------------------+-----
Fighting       | 1 2 3 5 6 7 |  7.0
Dodging        | 1 2 3 5 6 7 |  7.0
Summonings     | 1 2 3 4 6 |  6.6
Polearms       | 1 2 3 4 6 |  6.7
Shields        | 4 5 |  5.0
Stealth        | |  2.6
Spellcasting   | |  5.0

Action                   |  1- 3 |  4- 6 |  7- 9 | 10-12 || total
-------------------------+-------+-------+-------+-------++-------
Melee: Short sword       |    58 |       |       |       ||    58
       Constrict         |    18 |    15 |    37 |     6 ||    76
       Dagger            |     2 |       |       |       ||     2
       Tentacles         |     6 |    29 |    69 |     6 ||   110
       Mace              |     6 |       |       |       ||     6
       Falchion          |     1 |       |       |       ||     1
       Spear             |       |    90 |   332 |    41 ||   463
       Punch             |       |     2 |     6 |       ||     8
 Cast: Call Canine Famil |       |       |    20 |     8 ||    28
       Summon Small Mamm |       |       |     1 |     1 ||     2
Invok: Sacrifice Artific |     1 |       |       |       ||     1
       Draw Out Power    |       |     2 |     2 |     1 ||     5
       Sacrifice Purity  |       |     1 |       |       ||     1
       Sacrifice Health  |       |       |     1 |       ||     1
  Use: Scroll            |       |       |    10 |     2 ||    12
 Stab: Sleeping          |    10 |     3 |    12 |     1 ||    26
       Invisible         |       |       |     2 |     1 ||     3
       Distracted        |       |       |     1 |       ||     1
Armor: Skin              |    15 |     1 |     4 |       ||    20
Dodge: Dodged            |    29 |    35 |   103 |    14 ||   181
Block: Buckler           |    17 |    20 |    70 |     9 ||   116

Table legend: (Time is in decaauts)
 A = Elapsed time spent in this place.
 B = Non-inter-level travel time spent in this place.
 C = Inter-level travel time spent in this place.
 D = Time resting spent in this place.
 E = Time spent auto-exploring this place.
 F = Levels seen in this place.
 G = Mean time per level.
                   A        B        C        D        E       F      G
               +--------+--------+--------+--------+--------+-----+--------+
         Total |   9314 |   9147 |    167 |   2899 |   4676 |  10 |  931.4 |
       Dungeon |   8799 |   8662 |    137 |   2615 |   4489 |   9 |  977.7 |
        Temple |    514 |    484 |     30 |    284 |    187 |   1 |  514.0 |
               +--------+--------+--------+--------+--------+-----+--------+

Top non-repeatable levels by time:
     D:5: 2544 daAuts
     D:3: 1286 daAuts
     D:4: 1114 daAuts
     D:6: 1033 daAuts
    D:10: 961 daAuts
     D:2: 904 daAuts
     D:1: 674 daAuts
  Temple: 514 daAuts
     D:7: 172 daAuts
     D:9: 107 daAuts
